 Dungeon Crawl Stone Soup version 0.28-a0-1344-g6b9ff3a05d (webtiles) character file.

Game seed: 16539749701572707028

4003 Delamore the Cruncher (level 10, -17/59 HPs)
             Began as a Gargoyle Fighter on Dec 29, 2021.
             Was a Believer of Okawaru.
             Demolished by a two-headed ogre (21 damage)
             ... on level 8 of the Dungeon.
             The game lasted 00:12:09 (8933 turns).

Delamore the Cruncher (Gargoyle Fighter)            Turns: 8933, Time: 00:12:10

Health: -17/59     AC: 16    Str: 25    XL:     10   Next: 23%
Magic:  8/13       EV:  8    Int:  8    God:    Okawaru [**....]
Gold:   461        SH:  4    Dex:  9    Spells: 9/9 levels left

rFire   . . .      SeeInvis .   e - +9 staff of Olgreb {rPois∞}
rCold   . . .      Faith    .   c - +0 buckler
rNeg    + . .      Spirit   .   z - +0 chain mail
rPois   ∞          Reflect  .   (no helmet)
rElec   +          Harm     .   (no cloak)
rCorr   .          Rampage  .   (no gloves)
Will    .....                   (no boots)
Stlth   ..........              (no amulet)
HPRegen 0.19/turn               y - ring of poison resistance
MPRegen 0.13/turn               (no ring)

@: radiating poison
A: sickness immunity, AC +7, negative energy resistance 1, electricity
resistance, torment resistance 1, petrification resistance
a: Renounce Religion, Evoke the Staff of Olgreb, Heroism


You were on level 8 of the Dungeon.
You worshipped Okawaru.
Okawaru was pleased with you.
You visited 2 branches of the dungeon, and saw 9 of its levels.
You also visited: Sewer.

You collected 461 gold pieces.

Inventory:

Hand Weapons
 e - the +9 staff of Olgreb (weapon) {rPois∞}
   (You acquired it on level 3 of the Dungeon)

   If the wielder is skilled in Evocations, they can envenom those struck by it,
   dealing poison damage which bypasses armour.
   It enhances your poison magic.
   It grants immunity to poison.
   It can be evoked to radiate toxic energy, with effectiveness depending on
   Evocations skill.
 h - a +4 mace
 A - a +0 whip of flaming
 G - a +0 morningstar
Missiles
 g - 38 poisoned darts (quivered)
 C - a throwing net
Armour
 c - a +0 buckler (worn)
 z - a +0 chain mail (worn)
 D - an orb of light
Jewellery
 y - a ring of poison resistance (left hand)
 E - a ring of fire
Wands
 b - a wand of flame (5)
 l - a wand of acid (2)
 I - a wand of digging (8)
Scrolls
 a - 3 scrolls of enchant armour {unknown}
 m - 2 scrolls of fog
 n - 2 scrolls of teleportation
 p - a scroll of immolation {unknown}
 q - 4 scrolls of torment {unknown}
 t - 2 scrolls of blinking
 x - a scroll of holy word {unknown}
 B - a scroll of fear {unknown}
Potions
 d - 2 potions of might
 f - 3 potions of mutation
 i - a potion of lignification {unknown}
 j - a potion of haste {unknown}
 k - 7 potions of curing
 o - 2 potions of invisibility
 r - 2 potions of cancellation
 s - a potion of resistance {unknown}
 u - a potion of heal wounds {unknown}
 v - 2 potions of degeneration {unknown}
 w - a potion of brilliance
 F - 3 potions of attraction {unknown}


   Skills:
 - Level 5.0 Fighting
 - Level 4.1(8.5) Maces & Flails
 - Level 11.6(12.0) Staves
 - Level 3.2 Armour
 - Level 4.0 Shields
 - Level 5.0 Invocations
 + Level 3.8 Evocations


You had 9 spell levels left.
You didn't know any spells.
Your spell library contained the following spells:

 Spells                   Type           Power      Damage    Failure   Level
 Apportation              Tloc           0%         N/A       96%         1
 Sandblast                Erth           0%         2d4       96%         1
 Blink                    Tloc           0%         N/A       99%         2
 Ensorcelled Hibernation  Hex/Ice        0%         N/A       99%         2
 Passwall                 Tmut/Erth      0%         N/A       99%         2
 Static Discharge         Conj/Air       0%         N/A       99%         2
 Gell's Gravitas          Tloc           0%         N/A       100%        3
 Lesser Beckoning         Tloc           0%         N/A       100%        3
 Spider Form              Tmut/Pois      0%         N/A       100%        3
 Stone Arrow              Conj/Erth      0%         3d7       100%        3
 Teleport Other           Tloc           0%         N/A       100%        3
 Cause Fear               Hex            0%         N/A       100%        4
 Passage of Golubria      Tloc           0%         N/A       100%        4
 Manifold Assault         Tloc           0%         N/A       100%        5
 Yara's Violent Unravell  Hex/Tmut       0%         3d3       100%        5
 Conjure Ball Lightning   Conj/Air       0%         3x3d6     100%        6
 Storm Form               Tmut/Air       0%         N/A       100%        7
 Animate Skeleton         Necr           Unusable   N/A       N/A         1
 Summon Small Mammal      Summ           Unusable   N/A       N/A         1
 Tukima's Dance           Hex            Unusable   N/A       N/A         3

Dungeon Overview and Level Annotations

Branches:
Dungeon (8/15)             Temple (1/1) D:6           Sewer (visited)
   Lair: D:8-11

Altars:
Ashenzari
Cheibriados
Dithmenos
Elyvilon
Fedhas
Gozag
Kikubaaqudgha
Makhleb
Nemelex Xobeh
Okawaru
Qazlal
Ru
Sif Muna
Trog
Uskayaw
Vehumet
Wu Jian
Xom
Yredelemnul
Zin
The Shining One


Innate Abilities, Weirdness & Mutations

You are immune to sickness and miasma.
Your stone body is resilient. (AC +7)
You are immune to poison.
You resist negative energy. (rN+)
You are resistant to electric shocks. (rElec)
You are resistant to unholy torment.
You are immune to petrification.


Message History

No target in view!
No target in view!
No target in view!
No target in view!
An orc comes into view. It is wielding a +0 falchion.
An orc is nearby!
You block the orc's attack.
A two-headed ogre comes into view.
It is wielding a +0 giant club and a +0 giant spiked club.
The two-headed ogre shouts in stereo!
You hit the orc.
You envenom the orc.
You kill the orc!
Okawaru accepts your kill.
Things that are here:
a +0 falchion; a +0 leather armour The two-headed ogre barely misses you.
The two-headed ogre hits you with a +0 giant spiked club!
You sock the two-headed ogre!
The two-headed ogre is lightly wounded.
You hit the two-headed ogre.
The two-headed ogre is lightly wounded.
The two-headed ogre hits you with a +0 giant club.
The two-headed ogre barely misses you.
You hit the two-headed ogre.
You envenom the two-headed ogre.
The two-headed ogre is poisoned.
The two-headed ogre is heavily wounded.
You hit the two-headed ogre.
You envenom the two-headed ogre.
The two-headed ogre looks even sicker.
The two-headed ogre is heavily wounded.
You barely miss the two-headed ogre.
The two-headed ogre is heavily wounded.
The two-headed ogre hits you with a +0 giant club.
The two-headed ogre hits you with a +0 giant spiked club!
You are too injured to fight recklessly!
You are too injured to fight recklessly!
A two-headed ogre is nearby!
You begin to radiate toxic energy.
The two-headed ogre looks even sicker.
The two-headed ogre hits you with a +0 giant club!!
* * * LOW HITPOINT WARNING * * *
The two-headed ogre hits you with a +0 giant spiked club!!
You die...

######### #...<.# ....
...)...># #...... ....
#.....# #..)... .....
#..)..#####.).).# .....
#...).....#.....# #.....
#.....###.#.....#
#.....##.....# #.......#
.......#)....####.......
......O@...............#
.............##..###....
........######..........
##...#... #.#........
#####.#. ..#.......# #.
## #. #.......# #.
#.......# #. #.......#
#..(....#


You could see a two-headed ogre (very poisoned).

Vanquished Creatures
  Pikel (D:4)
  A gargoyle (D:8)
  Prince Ribbit (D:5)
  Sigmund (D:5)
  Eustachio (D:5)
  2 orc warriors (D:8)
  A hornet zombie (D:7)
  A sky beast (D:4)
  An ice beast (D:7)
  3 necrophages
  The ghost of ChaosChampion the Ruffian, an amateur DrTm (D:4)
  3 centaurs
  A phantom (D:6)
  A lemure (D:4)
  2 bullfrogs (Sewer)
  A scorpion (D:5)
  3 killer bees (D:7)
  6 howler monkeys
  A centaur zombie (D:8)
  A bullfrog zombie (D:6)
  3 jellies
  4 orc priests
  9 hounds
  Jessica (D:2)
  6 iguanas
  3 orc wizards
  9 adders
  3 river rats (Sewer)
  2 shadow imps
  3 ufetubi
  An adder skeleton (D:4)
  3 worms
  3 dart slugs
  22 orcs
  16 ball pythons
  12 endoplasms
  5 giant cockroaches
  7 goblins
  6 hobgoblins
  3 jackals (D:1)
  A quokka (D:2)
  3 bats
  14 frilled lizards
  6 kobolds
  29 rats
207 creatures vanquished.

Vanquished Creatures (others)
  A fungus (D:8)
  7 plants (D:8)
8 creatures vanquished.

Grand Total: 215 creatures vanquished

Notes
Turn   | Place    | Note
-------+----------+-------------------------------------------
     0 | D:1      | Delamore the Gargoyle Fighter began the quest for the Orb.
     0 | D:1      | Reached XP level 1. HP: 14/14 MP: 1/1
   299 | D:1      | Reached XP level 2. HP: 19/19 MP: 2/2
  1003 | D:1      | Found a faded altar of an unknown god.
  1079 | D:2      | Reached XP level 3. HP: 23/23 MP: 3/3
  1641 | D:2      | Noticed Jessica
  1649 | D:2      | Killed Jessica
  1650 | D:2      | Reached XP level 4. HP: 21/28 MP: 4/4
  2042 | D:3      | Identified a scroll of acquirement
  2042 | D:3      | Acquired the +9 staff of Olgreb {rPois∞}
  2042 | D:3      | Found the +9 staff of Olgreb {rPois∞}
  2133 | D:3      | Reached skill level 1 in Staves
  2331 | D:3      | Reached XP level 5. HP: 32/32 MP: 5/5
  2331 | D:3      | Found a glowing drain.
  2340 | Sewer    | Entered a sewer
  2421 | Sewer    | Reached skill level 2 in Staves
  2721 | Sewer    | Reached skill level 3 in Staves
  2738 | Sewer    | Reached XP level 6. HP: 17/37 MP: 6/6
  2743 | Sewer    | Reached skill level 4 in Staves
  3758 | D:4      | Found a runed translucent gate.
  3759 | D:4      | Found a runed translucent gate.
  3759 | D:4      | Found a runed translucent gate.
  3777 | D:4      | Reached skill level 5 in Staves
  3798 | D:4      | Noticed a sky beast
  3910 | D:4      | Reached XP level 7. HP: 41/41 MP: 7/7
  4276 | D:4      | Reached skill level 6 in Staves
  4325 | D:4      | Noticed ChaosChampion's ghost (amateur DrTm)
  4325 | D:4      | Noticed Pikel
  4351 | D:4      | Killed Pikel
  4352 | D:4      | Reached skill level 8 in Staves
  4352 | D:4      | Reached XP level 8. HP: 31/46 MP: 4/8
  4871 | D:4      | Found a hide-covered altar of Uskayaw.
  5112 | D:4      | Killed ChaosChampion's ghost
  5113 | D:4      | Reached skill level 9 in Staves
  5159 | D:5      | Entered Level 5 of the Dungeon
  5331 | D:5      | Noticed Eustachio
  5372 | D:5      | Killed Eustachio
  5601 | D:5      | Reached skill level 10 in Staves
  5657 | D:5      | Found a burning altar of Makhleb.
  5784 | D:5      | Reached XP level 9. HP: 51/51 MP: 9/9
  5795 | D:5      | Noticed Prince Ribbit
  5804 | D:5      | Killed Prince Ribbit
  5985 | D:5      | Noticed Sigmund
  6046 | D:5      | Killed Sigmund
  6047 | D:5      | Reached skill level 11 in Staves
  6384 | D:6      | Found a staircase to the Ecumenical Temple.
  6448 | Temple   | Entered the Ecumenical Temple
  6625 | Temple   | Became a worshipper of Warmaster Okawaru
  6647 | D:6      | Got the Tome of Feathery Hexes
  6951 | D:6      | Found a sparkling altar of Nemelex Xobeh.
  7200 | D:7      | Reached skill level 1 in Invocations
  7356 | D:7      | Reached * piety under Okawaru
  7611 | D:7      | Identified the +1 leather armour of Beogh's Hatred {Str+3
                  | SInv}
  8306 | D:8      | Reached skill level 5 in Fighting
  8308 | D:8      | Noticed a gargoyle
  8375 | D:8      | Killed a gargoyle
  8375 | D:8      | Reached ** piety under Okawaru
  8376 | D:8      | Reached skill level 5 in Invocations
  8376 | D:8      | Reached skill level 1 in Evocations
  8376 | D:8      | Reached XP level 10. HP: 22/59 MP: 13/13
  8924 | D:8      | Noticed a two-headed ogre
  8933 | D:8      | Demolished by a two-headed ogre

Illustrated notes

Levels and vault maps discovered:
D:1:      sevenhm_arrival_forest_fort_small_6, layout_basic,
          basic_ecumenical_altar, dk_noncrumbling_4
D:2:      layout_basic, uniq_jessica
D:3:      minmay_razor_zed, layout_basic, portal_sewer_entry_d
D:4:      minmay_door_path, layout_basic, nicolae_uskayaw_suspiria,
          ebering_ghost_rock_garden, uniq_pikel
D:5:      layout_basic, makhleb_heckhound_becter, uniq_sigmund,
          uniq_prince_ribbit1, uniq_eustachio
D:6:      layout_basic, mainiacjoe_overflow_cross_hatched,
          minmay_temple_entry_mist
D:7:      layout_gridville, minmay_misc_feat_diagonals,
          nicolae_elevator_lobby_asterisk
D:8:      layout_rooms, ebering_ghost_funeral_grove, serial_shops,
          nicolae_shop_hallway_stairs
Temple:   mainiacjoe_temple_coin_purse

Skill      XL: |  1  2  3  4  5  6  7  8  9 10 |
---------------+-------------------------------+-----
Shields        | 4 |  4.0
Maces & Flails | 4 |  4.1
Staves         | 1 3 5 8 10 11 | 11.6
Invocations    | 5 |  5.0
Fighting       | 5 |  5.0
Evocations     | 1 3 |  3.8
Armour         | |  3.2

Action                   |  1- 3 |  4- 6 |  7- 9 | 10-12 || total
-------------------------+-------+-------+-------+-------++-------
Melee: Flail             |   100 |    18 |       |       ||   118
       Staff             |       |   176 |   250 |    55 ||   481
Throw: Dart              |     6 |       |    13 |       ||    19
 Abil: Evoke the Staff o |       |       |    14 |     3 ||    17
Evoke: Wand              |       |       |     5 |       ||     5
  Use: Scroll            |       |     7 |     2 |     1 ||    10
Armor: Scale mail        |    63 |    93 |     4 |       ||   160
       Chain mail        |       |       |   104 |    26 ||   130
Dodge: Dodged            |    47 |   108 |    73 |    28 ||   256
Block: Buckler           |    24 |    51 |    34 |    10 ||   119

Table legend: (Time is in decaauts)
 A = Elapsed time spent in this place.
 B = Non-inter-level travel time spent in this place.
 C = Inter-level travel time spent in this place.
 D = Time resting spent in this place.
 E = Time spent auto-exploring this place.
 F = Levels seen in this place.
 G = Mean time per level.
                   A        B        C        D        E       F      G
               +--------+--------+--------+--------+--------+-----+--------+
         Total |   8913 |   8675 |    238 |    925 |   6296 |  10 |  891.3 |
       Dungeon |   8030 |   7807 |    223 |    698 |   5820 |   8 | 1003.8 |
        Temple |    189 |    174 |     15 |      0 |    159 |   1 |  189.0 |
         Sewer |    693 |    693 |      0 |    227 |    316 |   1 |  693.0 |
               +--------+--------+--------+--------+--------+-----+--------+

Top non-repeatable levels by time:
     D:4: 1304 daAuts
     D:7: 1154 daAuts
     D:3: 1149 daAuts
     D:5: 1117 daAuts
     D:1: 1085 daAuts
     D:2: 985 daAuts
   Sewer: 693 daAuts
     D:6: 680 daAuts
     D:8: 555 daAuts
  Temple: 189 daAuts
